 Dungeon Crawl Stone Soup version 0.29.1-14-g9c671dbff4 (webtiles) character file.

Game seed: 12153753539938436940

394 mikeweasel the Sneak (level 6, -5/43 HPs)
             Began as an Octopode Brigand on Feb 16, 2023.
             Slain by Duvessa
             ... wielding a +0 short sword
              (10 damage)
             ... on level 5 of the Dungeon.
             The game lasted 00:17:29 (3536 turns).

mikeweasel the Sneak (Octopode Brigand)             Turns: 3536, Time: 00:17:30

Health: -5/43      AC:  1    Str: 10    XL:     6   Next: 82%
Magic:  6/6        EV: 13    Int: 13    God:
Gold:   307        SH:  0    Dex: 22    Spells: 3/5 levels left

rFire   . . .      SeeInvis .   a - +3 dagger
rCold   . . .      Faith    .   (no shield)
rNeg    . . .      Spirit   .   (helmet restricted)
rPois   .          Reflect  .   k - amulet of magic regeneration
rElec   .          Harm     .   d - +6 ring of dexterity
rCorr   +          Rampage  .   h - ring of resist corrosion
Will    .....                   (no ring)
Stlth   +++++.....              (no ring)
HPRegen 0.14/turn               (no ring)
MPRegen 0.50/turn               (no ring)
                                (no ring)
                                (no ring)

@: no status effects
A: almost no armour, amphibious, 8 rings, camouflage 1, gelatinous body 1,
(nimble swimmer 1), tentacles
a: no special abilities


You were on level 5 of the Dungeon.
You visited 1 branch of the dungeon, and saw 5 of its levels.

You collected 307 gold pieces.

Inventory:

Hand Weapons
 a - a +3 dagger (weapon)
 i - a +0 vampiric dagger
Missiles
 b - 5 poisoned darts (quivered)
 c - 3 curare-tipped darts
Jewellery
 d - a +6 ring of dexterity (left tentacle)
 h - a ring of resist corrosion (right tentacle)
 k - an amulet of magic regeneration (around mantle)
Potions
 f - a potion of resistance
 g - a potion of might {unknown}
 j - a potion of ambrosia {unknown}


   Skills:
 + Level 4.0 Fighting
 + Level 5.2 Short Blades
 - Level 2.2 Throwing
 - Level 1.0 Dodging
 - Level 6.7 Stealth


You had 3 spell levels left.
You knew the following spells:

 Your Spells              Type           Power      Damage    Failure   Level
a - Passwall              Tmut/Erth      0%         N/A       43%         2

Your spell library contained the following spells:

 Spells                   Type           Power      Damage    Failure   Level
 Stone Arrow              Conj/Erth      0%         3d7       67%         3
 Passage of Golubria      Tloc           0%         N/A       97%         4
 Irradiate                Conj/Tmut      0%         3d11      100%        5
 Silence                  Hex/Air        0%         N/A       100%        5
 Lehudib's Crystal Spear  Conj/Erth      0%         10d2      100%        8


Dungeon Overview and Level Annotations

Branches:
Dungeon (5/15)
 Temple: D:4-7

Altars:
Cheibriados
Okawaru
The Shining One

Shops:
D:2 (

Annotations:
D:5 Dowan, Duvessa


Innate Abilities, Weirdness & Mutations

You cannot wear most types of armour.
You are amphibious.
You can wear up to eight rings at the same time.
Your skin changes colour to match your surroundings (Stealth+).
Your rubbery body absorbs attacks. (AC +1, EV +1)
((You are camouflaged when in or above water. (Stealth+)))
You have tentacles for arms and can constrict up to eight enemies at once.


Message History

You constrict Duvessa. Duvessa misses you.
You aren't carrying any scrolls.
Okay, then.
You hit Duvessa. You squeeze Duvessa.
Duvessa is heavily wounded.
You constrict Duvessa, but do no damage.
Duvessa barely misses you.
You hit Duvessa.
Duvessa is heavily wounded.
You constrict Duvessa. Duvessa hits you with a +0 short sword.
You hit Duvessa. You squeeze Duvessa.
Duvessa is severely wounded.
You constrict Duvessa, but do no damage.
Duvessa says, "When magic and the sword combine, nothing stands against them."
Duvessa hits you with a +0 short sword.
You hit Duvessa.
Duvessa is almost dead.
You constrict Duvessa, but do no damage.
Duvessa hits you with a +0 short sword.
You completely miss Duvessa.
Duvessa is almost dead.
You constrict Duvessa, but do no damage.
Duvessa hits you with a +0 short sword!
You hit Duvessa but do no damage.
Duvessa is almost dead.
You constrict Duvessa. Duvessa hits you with a +0 short sword.
Duvessa closely misses you.
You hit Duvessa but do no damage.
Duvessa is almost dead.
You constrict Duvessa. Duvessa hits you with a +0 short sword!
* * * LOW HITPOINT WARNING * * *
You feel better.
You constrict Duvessa, but do no damage.
Duvessa hits you with a +0 short sword!
* * * LOW HITPOINT WARNING * * *
You hit Duvessa but do no damage.
Duvessa is almost dead.
You constrict Duvessa, but do no damage.
Duvessa hits you with a +0 short sword!
You die...

#.........
#+####.........
...(...........
....(..........
...............
............#
......(.....#
#ee...# #@...<#
#..[..# #.....#
#.....# #.....#
##..>...
#......#
#......#
#......#


You could see Duvessa (fast, poisoned) and Dowan (poisoned).

Vanquished Creatures
  Sigmund (D:3)
  A scorpion (D:4)
  A hound (D:4)
  Natasha (D:2)
  4 adders
  An ufetubus (D:4)
  3 dart slugs
  2 ball pythons
  5 endoplasms
  4 giant cockroaches
  A goblin (D:3)
  5 hobgoblins
  11 jackals
  3 quokkas
  6 bats
  4 frilled lizards
  9 kobolds
  5 rats
67 creatures vanquished.

Notes
Turn   | Place    | Note
-------+----------+-------------------------------------------
     0 | D:1      | mikeweasel the Octopode Brigand began the quest for the
                  | Orb.
     0 | D:1      | Reached XP level 1. HP: 14/14 MP: 1/1
   166 | D:1      | Reached XP level 2. HP: 19/19 MP: 2/2
   207 | D:1      | Reached skill level 6 in Stealth
   596 | D:2      | Found Bekux's Weapon Boutique.
   691 | D:2      | Reached XP level 3. HP: 22/24 MP: 3/3
  1204 | D:2      | Noticed Natasha
  1208 | D:2      | Killed Natasha
  1209 | D:2      | Reached XP level 4. HP: 17/30 MP: 4/4
  1780 | D:3      | Got the Codex of Metal and Transformation
  1784 | D:3      | Learned a level 2 spell: Passwall
  1866 | D:3      | Found a glowing golden altar of the Shining One.
  1943 | D:3      | Noticed Sigmund
  1951 | D:3      | Killed Sigmund
  1952 | D:3      | Reached XP level 5. HP: 37/37 MP: 5/5
  1952 | D:3      | Reached XP level 6. HP: 43/43 MP: 6/6
  2482 | D:4      | Found an iron altar of Okawaru.
  3023 | D:4      | Reached skill level 5 in Short Blades
  3372 | D:4      | Found a snail-covered altar of Cheibriados.
  3513 | D:5      | Entered Level 5 of the Dungeon
  3514 | D:5      | Noticed Dowan
  3519 | D:5      | Noticed Duvessa
  3536 | D:5      | Slain by Duvessa

Illustrated notes

Levels and vault maps discovered:
D:1:      sevenhm_arrival_forest_fort_large_4, layout_rooms,
          nicolae_kite_square_tiling_tiny, kennysheep_doodads
D:2:      layout_basic, serial_shops, shop, uniq_natasha
D:3:      layout_basic, tso_metal_star, solitary_fountain, uniq_sigmund
D:4:      layout_basic, mainiacjoe_overflow_alcove_1, okawaru_ov_weapons_minmay
D:5:      layout_gridville, temple_green, kennysheep_generic_room_8,
          uniq_duvessa, uniq_menkaure, uniq_eustachio

Skill      XL: |  1  2  3  4  5  6 |
---------------+-------------------+-----
Stealth        | 6 |  6.7
Fighting       | 3 4 |  4.0
Short Blades   | 4 5 |  5.2
Throwing       | |  2.2
Dodging        | |  1.0

Action                   |  1- 3 |  4- 6 || total
-------------------------+-------+-------++-------
Melee: Dagger            |    52 |    63 ||   115
       Tentacles         |    13 |     7 ||    20
       Constrict         |    15 |    10 ||    25
       Punch             |     1 |     1 ||     2
Throw: Dart              |    20 |    12 ||    32
  Use: Scroll            |     6 |     6 ||    12
       Potion            |       |     1 ||     1
 Stab: Sleeping          |    10 |    14 ||    24
Armor: Skin              |     2 |     3 ||     5
Dodge: Dodged            |    14 |    22 ||    36
